 Dungeon Crawl Stone Soup version 0.26-a0-597-gb535b0901c (webtiles) character file.

Game seed: 13074810428032603028

110 Alarkh the Insei (level 4, 13/33 HPs)
             Began as a Demonspawn Gladiator on Sept 10, 2020.
             Got out of the dungeon alive.
             The game lasted 00:01:07 (1251 turns).

Alarkh the Insei (Demonspawn Gladiator)             Turns: 1251, Time: 00:01:08

Health: 13/33      AC:  4    Str: 14    XL:     4   Next: 61%
Magic:  4/4        EV: 12    Int: 11    God:
Gold:   58         SH:  6    Dex: 14    Spells: 3/3 levels left

rFire    . . .     SeeInvis .     - Unarmed
rCold    . . .     Faith    .   (no shield)
rNeg     . . .     Spirit   .   a - +0 leather armour
rPois    .         Reflect  .   b - +0 helmet
rElec    .         Harm     .   (no cloak)
rCorr    .                      (no gloves)
MR       .....                  (no boots)
Stlth    +.........             (no amulet)
HPRegen  0.11/turn              (no ring)
MPRegen  0.09/turn              (no ring)

@: no status effects
A: claws 1, large bone plates 2
a: no special abilities


You escaped.
You visited 1 branch of the dungeon, and saw 2 of its levels.

You collected 58 gold pieces.

Inventory:

Missiles
 c - 3 throwing nets (quivered)
Armour
 a - a +0 leather armour (worn)
 b - a +0 helmet (worn)
Scrolls
 d - 2 scrolls of amnesia {unknown}
 f - 2 scrolls of remove curse {unknown}
 i - a scroll of identify {unknown}
Potions
 h - a potion of degeneration {unknown}


   Skills:
 - Level 2.0 Fighting
 - Level 1.7 Throwing
 - Level 2.6 Dodging
 + Level 5.0 Unarmed Combat


You had 3 spell levels left.
You didn't know any spells.
Your spell library was empty.

Dungeon Overview and Level Annotations

Branches:
Dungeon (2/15)

Altars:
Cheibriados
Zin

Shops:
D:2 *


Innate Abilities, Weirdness & Mutations

You have sharp fingernails.
You are mostly covered in large bone plates. (SH +6)


Message History

* * * LOW HITPOINT WARNING * * *
Natasha claws you but does no damage.
You miss Natasha.
Natasha is severely wounded.
Natasha closely misses you.
You scratch Natasha.
You kill Natasha!
Natasha screams in pain as she dies!
Your Unarmed Combat skill increases to level 5!
You feel less ready to backstab.
You see here a hunting sling.
There is a stone staircase leading up here.
You climb upwards.
You feel yourself speed up.
There is a stone staircase leading down here.
There is a shaft here.
There is an escape hatch in the floor here.
There is a staircase leading out of the dungeon here.
Are you sure you want to leave the Dungeon?
This will make you lose the game!
You have escaped!

#.#
#.#
#.#
#.#
#.#
#.#
#.#
####.#
#@>..#
######


There were no monsters in sight!

Vanquished Creatures
  Natasha (twice) (D:2)
  A worker ant (D:2)
  An adder (D:2)
  A dart slug (D:1)
  A leopard gecko (D:1)
  2 ball pythons (D:1)
  4 bats
  A giant cockroach (D:1)
  A goblin (D:1)
  2 hobgoblins
  2 jackals (D:1)
  2 frilled lizards (D:1)
  5 kobolds
  3 rats
28 creatures vanquished.

Notes
Turn   | Place    | Note
-------+----------+-------------------------------------------
     0 | D:1      | Alarkh the Demonspawn Gladiator began the quest for the
                  | Orb.
     0 | D:1      | Reached XP level 1. HP: 16/16 MP: 1/1
   110 | D:1      | Reached skill level 3 in Unarmed Combat
   480 | D:1      | Found a snail-covered altar of Cheibriados.
   492 | D:1      | Gained mutation: You have sharp fingernails. [demonic
                  | ancestry]
   492 | D:1      | Reached XP level 2. HP: 18/22 MP: 2/2
   923 | D:2      | Gained mutation: You are partially covered in large bone
                  | plates. (SH +4) [demonic ancestry]
   923 | D:2      | Reached XP level 3. HP: 20/27 MP: 3/3
   935 | D:2      | Reached skill level 4 in Unarmed Combat
  1100 | D:2      | Found Zin's Purification Station.
  1102 | D:2      | Found a glowing silver altar of Zin.
  1111 | D:2      | Noticed Natasha
  1125 | D:2      | Killed Natasha
  1125 | D:2      | Gained mutation: You are mostly covered in large bone
                  | plates. (SH +6) [demonic ancestry]
  1125 | D:2      | Reached XP level 4. HP: 29/33 MP: 4/4
  1148 | D:2      | Noticed Natasha
  1159 | D:2      | Killed Natasha
  1159 | D:2      | Reached skill level 5 in Unarmed Combat
  1251 | D:$      | Got out of the dungeon alive.

Illustrated notes

Levels and vault maps discovered:
D:1:      dpeg_arrival_tiny_k, layout_basic, cheibriados_altar_1
D:2:      layout_basic, old_standard_altar, zin_purify, minmay_misc_feat_tiny,
          uniq_natasha

Skill      XL: |  1  2  3  4 |
---------------+-------------+-----
Unarmed Combat | 3 4 5 |  5.0
Fighting       | |  2.0
Throwing       | |  1.7
Dodging        | |  2.6

Action                   |  1- 3 |  4- 6 || total
-------------------------+-------+-------++-------
Melee: Unarmed           |    97 |     7 ||   104
       Punch             |     2 |       ||     2
  Use: Potion            |     2 |       ||     2
 Stab: Sleeping          |     1 |       ||     1
Armor: Leather armour    |    20 |     1 ||    21
Dodge: Dodged            |    67 |     3 ||    70
Block: Other             |     3 |     2 ||     5

Table legend: (Time is in decaauts)
 A = Elapsed time spent in this place.
 B = Non-inter-level travel time spent in this place.
 C = Inter-level travel time spent in this place.
 D = Time resting spent in this place.
 E = Time spent auto-exploring this place.
 F = Levels seen in this place.
 G = Mean time per level.
                   A        B        C        D        E       F      G
               +--------+--------+--------+--------+--------+-----+--------+
         Total |   1254 |   1136 |    118 |      0 |    927 |   2 |  627.0 |
       Dungeon |   1254 |   1136 |    118 |      0 |    927 |   2 |  627.0 |
               +--------+--------+--------+--------+--------+-----+--------+

Top non-repeatable levels by time:
     D:1: 926 daAuts
     D:2: 328 daAuts
